 Dungeon Crawl Stone Soup version 0.28-a0-1117-g0bdd5ba030 (webtiles) character file.

Game seed: 10453426882327239613

37 SensoryNuts the Ducker (level 3, -2/27 HPs)
             Began as a Demonspawn Gladiator on Dec 11, 2021.
             Slain by a jackal (3 damage)
             ... on level 2 of the Dungeon.
             The game lasted 00:01:11 (1107 turns).

SensoryNuts the Ducker (Demonspawn Gladiator)       Turns: 1107, Time: 00:01:11

Health: -2/27      AC:  4    Str: 16    XL:     3   Next: 23%
Magic:  3/3        EV: 13    Int:  9    God:
Gold:   37         SH:  0    Dex: 16    Spells: 2/2 levels left

rFire   . . .      SeeInvis .   a - +0 quarterstaff
rCold   . . .      Faith    .   (shield currently unavailable)
rNeg    . . .      Spirit   .   b - +0 leather armour
rPois   .          Reflect  .   c - +0 helmet
rElec   .          Harm     .   (no cloak)
rCorr   .          Rampage  .   (no gloves)
Will    .....                   (no boots)
Stlth   ++........              (no amulet)
HPRegen 0.09/turn               (no ring)
MPRegen 0.08/turn               (no ring)

@: no status effects
A: thin skeletal structure 1, demonic magic 1
a: no special abilities


You were on level 2 of the Dungeon.
You visited 1 branch of the dungeon, and saw 2 of its levels.

You collected 37 gold pieces.

Inventory:

Hand Weapons
 a - a +0 quarterstaff (weapon)
Missiles
 d - 3 throwing nets (quivered)
Armour
 b - a +0 leather armour (worn)
 c - a +0 helmet (worn)
Jewellery
 e - a ring of wizardry
Scrolls
 f - a scroll of identify


   Skills:
 + Level 2.1 Fighting
 + Level 3.2 Staves
 + Level 1.8 Throwing
 + Level 0.7 Armour
 + Level 3.2 Dodging
 + Level 0.1 Stealth


You had 2 spell levels left.
You didn't know any spells.
Your spell library was empty.

Dungeon Overview and Level Annotations

Branches:
Dungeon (2/15)

Altars:


Innate Abilities, Weirdness & Mutations

You have a somewhat thin skeletal structure. (Dex +2, Stealth+)
Spells you cast may paralyse adjacent enemies.


Message History

The kobold hits you with a +0 short sword.
You hit the kobold.
The kobold is severely wounded.
The jackal bites you. The ball python closely misses you.
The ball python constricts you. The jackal closely misses you.
The kobold hits you with a +0 short sword.
The worm bites you.
* * * LOW HITPOINT WARNING * * *
As you read the scroll labelled AWKAPR ZUURIPN, it crumbles to dust.
It is a scroll of identify.
You don't have any unidentified items.
The jackal bites you but does no damage.
The ball python closely misses you. The ball python constricts you.
The kobold hits you but does no damage.
Unknown command.
You sock the worm!
The worm is almost dead.
The jackal closely misses you. The ball python misses you.
The ball python constricts you. The worm bites you.
* * * LOW HITPOINT WARNING * * *
The jackal barely misses you. The kobold misses you.
The ball python barely misses you. The ball python constricts you.
You barely miss the worm.
The worm is almost dead.
The jackal misses you. The ball python bites you.
* * * LOW HITPOINT WARNING * * *
The ball python constricts you. The kobold hits you but does no damage.
The worm closely misses you.
Unknown command.
You sock the worm!
You kill the worm!
The jackal barely misses you.
The ball python bites you but does no damage.
The ball python constricts you. The jackal closely misses you.
The kobold barely misses you.
You escape the ball python's grasp.
The jackal barely misses you. The kobold hits you but does no damage.
You see here a jackal corpse.
Found 19 gold pieces.
The jackal bites you.
You die...

####
#########...#
#.........#.#
#............
#......!....$
#...SK...>...
#...h@.....#
#........#.#
#........#
##########


You could see a jackal, a ball python and a kobold.

Vanquished Creatures
  A worm (D:2)
  2 dart slugs
  An endoplasm (D:1)
  A goblin (D:1)
  2 hobgoblins
  4 jackals
  3 kobolds (D:1)
  2 quokkas (D:1)
  4 ball pythons (D:1)
  3 bats (D:1)
  2 frilled lizards (D:1)
  3 rats (D:1)
28 creatures vanquished.

Notes
Turn   | Place    | Note
-------+----------+-------------------------------------------
     0 | D:1      | SensoryNuts the Demonspawn Gladiator began the quest for
                  | the Orb.
     0 | D:1      | Reached XP level 1. HP: 16/16 MP: 1/1
   511 | D:1      | Gained mutation: You have a somewhat thin skeletal
                  | structure. (Dex +2, Stealth+) [demonic ancestry]
   511 | D:1      | Reached XP level 2. HP: 20/22 MP: 2/2
   958 | D:1      | Gained mutation: Spells you cast may paralyse adjacent
                  | enemies. [demonic ancestry]
   958 | D:1      | Reached XP level 3. HP: 27/27 MP: 3/3
  1104 | D:2      | HP: 1/27 [ball python (3)]
  1107 | D:2      | Slain by a jackal

Illustrated notes

Levels and vault maps discovered:
D:1:      nicolae_arrival_somewhat_less_tricky_arrival, layout_basic
D:2:      layout_basic, serial_shops, nicolae_shop_window_shopping, basic_altar

Skill      XL: |  1  2 |
---------------+-------+-----
Staves         | 3 |  3.2
Dodging        | 3 |  3.2
Fighting       | |  2.1
Throwing       | |  1.8
Armour         | |  0.7
Stealth        | |  0.1

Action                   || total
-------------------------++-------
Melee: Quarterstaff      ||    99
  Use: Scroll            ||     1
       Potion            ||     1
 Stab: Sleeping          ||     1
       Distracted        ||     1
Armor: Leather armour    ||    51
Dodge: Dodged            ||   122

Table legend: (Time is in decaauts)
 A = Elapsed time spent in this place.
 B = Non-inter-level travel time spent in this place.
 C = Inter-level travel time spent in this place.
 D = Time resting spent in this place.
 E = Time spent auto-exploring this place.
 F = Levels seen in this place.
 G = Mean time per level.
                   A        B        C        D        E       F      G
               +--------+--------+--------+--------+--------+-----+--------+
         Total |   1121 |   1121 |      0 |      0 |    897 |   2 |  560.5 |
       Dungeon |   1121 |   1121 |      0 |      0 |    897 |   2 |  560.5 |
               +--------+--------+--------+--------+--------+-----+--------+

Top non-repeatable levels by time:
     D:1: 1040 daAuts
     D:2: 81 daAuts
